 Dungeon Crawl Stone Soup version 0.27.1-33-g824d729ab1 (webtiles) character file.

Game seed: 15948565712014075788

1159 MisterFreud the Fighter (level 8, -17/74 HPs)
             Began as a Minotaur Abyssal Knight on Dec 18, 2021.
             Was a Priest of Lugonu.
             Demolished by an ogre (26 damage)
             ... on level 6 of the Dungeon.
             The game lasted 00:07:22 (5689 turns).

MisterFreud the Fighter (Minotaur Abyssal Knight)   Turns: 5689, Time: 00:07:23

Health: -17/74     AC: 13    Str: 17    XL:     8   Next: 16%
Magic:  8/8        EV:  7    Int:  9    God:    Lugonu [***...]
Gold:   80         SH:  9    Dex: 12    Spells: 7/7 levels left

rFire    + . .     SeeInvis .   n - +0 falchion (protect)
rCold    . . .     Faith    .   d - +0 kite shield
rNeg     . . .     Spirit   .   q - +0 scale mail
rPois    .         Reflect  .   (helmet restricted)
rElec    .         Harm     .   (no cloak)
rCorr    .         Rampage  .   (no gloves)
Will     .....                  (no boots)
Stlth    ..........             (no amulet)
HPRegen  0.22/turn              e - ring of protection from fire
MPRegen  0.11/turn              (no ring)

@: under a protective aura
A: horns 2, retaliatory headbutt
a: Renounce Religion, Depart the Abyss, Bend Space, Banish


You were on level 6 of the Dungeon.
You worshipped Lugonu.
Lugonu was most pleased with you.
You visited 1 branch of the dungeon, and saw 6 of its levels.
You visited the Abyss 1 time.
You also visited: Ossuary.

You collected 158 gold pieces.
You spent 78 gold pieces at shops.

Inventory:

Hand Weapons
 a - a +1 falchion
 n - a +0 falchion of protection (weapon)
Missiles
 c - a throwing net
 t - 5 boomerangs
Armour
 b - a +0 leather armour
 d - a +0 kite shield (worn)
 q - a +0 scale mail (worn)
Jewellery
 e - a ring of protection from fire (left hand)
 m - a +4 ring of evasion
Wands
 y - a wand of flame (22)
Scrolls
 f - 6 scrolls of teleportation
 h - 2 scrolls of enchant armour
 j - 2 scrolls of torment
 l - a scroll of holy word
 r - 2 scrolls of immolation {unknown}
 s - a scroll of summoning
 u - 2 scrolls of blinking {unknown}
 w - a scroll of fog {unknown}
 x - 2 scrolls of identify
Potions
 g - 3 potions of curing
 i - a potion of heal wounds
 k - 4 potions of might
 o - a potion of mutation {unknown}
 p - 2 potions of cancellation {unknown}
 v - a potion of attraction {unknown}
 z - a potion of brilliance {unknown}


   Skills:
 - Level 8.0 Fighting
 * Level 8.0 Long Blades
 - Level 2.4 Armour
 - Level 1.1 Dodging
 - Level 5.0 Shields
 - Level 1.7 Invocations


You had 7 spell levels left.
You didn't know any spells.
Your spell library contained the following spells:

 Spells                   Type           Power      Damage    Failure   Level
 Summon Guardian Golem    Hex/Summ       0%         N/A       100%        3
 Orb of Destruction       Conj           0%         N/A       100%        7
 Spellforged Servitor     Conj/Summ      0%         N/A       100%        7


Dungeon Overview and Level Annotations

Branches:
Dungeon (6/15)            Ossuary (visited)
 Temple: D:4-7

Altars:

Shops:
D:4 *

Annotations:
D:5 Ijyb


Innate Abilities, Weirdness & Mutations

You have a pair of horns on your head.
You reflexively headbutt those who attack you in melee.


Message History

The sky beast barely misses you.
You slash the sky beast!
Your weapon exudes an aura of protection.
The sky beast is severely wounded.
You block the sky beast's attack.
You slash the sky beast!
The sky beast is almost dead.
The sky beast hits you. The sky beast shocks you.
You hit the sky beast.
You kill the sky beast!
Lugonu accepts your kill.
Your Long Blades skill increases to level 8!
You hit the ogre.
The ogre is lightly wounded.
The ogre barely misses you.
You hit the ogre.
The ogre is lightly wounded.
The ogre hits you with a +0 giant spiked club!
The howler monkey hoots and howls with incredible vigour!
You hit the ogre.
The ogre is lightly wounded.
The ogre hits you with a +0 giant spiked club!
You hit the ogre but do no damage.
The ogre is lightly wounded.
The ogre hits you with a +0 giant spiked club!!
* * * LOW HITPOINT WARNING * * *
You hit the ogre. You headbutt the ogre.
The ogre is heavily wounded.
You hit the ogre but do no damage.
The ogre is heavily wounded.
The ogre hits you with a +0 giant spiked club!
* * * LOW HITPOINT WARNING * * *
The howler monkey hoots and howls with incredible vigour!
You feel much better.
The ogre hits you with a +0 giant spiked club!!
* * * LOW HITPOINT WARNING * * *
You slash the ogre!
The ogre is almost dead.
The ogre hits you with a +0 giant spiked club!!
You die...

##########.#.....#.##.#.#.#....(.
†...........<...................>
#####......#.....#.##...)......÷.
##################........#.#....
....... ..................#......
....... .........................
....... ........#########.#.##...
####### #######..# #........ #
##@# ########.##... #
#O###....÷....#... #
#h.##.........#... #
##.##.........#### #
#..#.........# #
##.#.....†...####
#............... ##..........####
#..######.##


You could see an ogre and a howler monkey.

Vanquished Creatures
  2 water moccasins (D:6)
  A sky beast (D:6)
  A necrophage (D:3)
  A phantom (D:6)
  2 elf zombies (Ossuary)
  A water moccasin skeleton (D:6)
  2 centaur zombies
  A jelly (D:4)
  An orc priest (D:3)
  2 hounds
  An iguana (D:6)
  A centaur skeleton (D:5)
  2 orc wizards
  2 mummies (Ossuary)
  3 gnolls
  5 adders
  3 adder zombies (Ossuary)
  2 worms (D:2)
  4 dart slugs
  13 orcs
  3 endoplasms
  8 giant cockroaches
  6 goblins
  13 hobgoblins
  5 jackals
  2 quokkas
  7 ball pythons
  6 bats
  A frilled lizard (D:2)
  A goblin zombie (Ossuary)
  6 hobgoblin zombies (Ossuary)
  2 jackal zombies (Ossuary)
  5 kobolds
  14 kobold zombies (Ossuary)
  6 orc zombies (Ossuary)
  3 rats (D:2)
  2 rat zombies (Ossuary)
140 creatures vanquished.

Vanquished Creatures (others)
  9 plants (D:4)
9 creatures vanquished.

Grand Total: 149 creatures vanquished

Notes
Turn   | Place    | Note
-------+----------+-------------------------------------------
     0 | Abyss:1  | MisterFreud the Minotaur Abyssal Knight began the quest for
                  | the Orb.
     0 | Abyss:1  | Reached XP level 1. HP: 19/19 MP: 1/1
    36 | Abyss:1  | Noticed a small abomination
    37 | D:1      | Escaped the Abyss
   119 | D:1      | Reached skill level 1 in Shields
   124 | D:1      | Reached * piety under Lugonu
   128 | D:1      | Reached XP level 2. HP: 27/27 MP: 2/2
   744 | D:2      | Reached XP level 3. HP: 30/34 MP: 3/3
   849 | D:2      | Found a faded altar of an unknown god.
  1170 | D:2      | Reached XP level 4. HP: 20/41 MP: 4/4
  1456 | D:2      | Reached skill level 5 in Fighting
  1484 | D:2      | Reached ** piety under Lugonu
  2289 | D:3      | Noticed a necrophage
  2301 | D:3      | Killed a necrophage
  2302 | D:3      | Reached XP level 5. HP: 22/50 MP: 5/5
  3338 | D:3      | Reached XP level 6. HP: 9/57 MP: 6/6
  3713 | D:4      | Found Cic Ase's Assorted Antiques.
  3723 | D:4      | Bought a ruby potion for 24 gold pieces
  3723 | D:4      | Bought a scroll labelled VOXKOBB WUGE for 27 gold pieces
  3723 | D:4      | Bought a scroll labelled FUD POROGEFRE for 27 gold pieces
  3760 | D:4      | Reached skill level 5 in Shields
  4165 | D:5      | Entered Level 5 of the Dungeon
  4274 | D:5      | Found a sand-covered staircase.
  4282 | Ossuary  | Entered an ossuary
  4330 | Ossuary  | Reached *** piety under Lugonu
  4489 | Ossuary  | Reached XP level 7. HP: 55/66 MP: 7/7
  4569 | Ossuary  | Reached skill level 5 in Long Blades
  4807 | D:5      | Noticed Ijyb
  5457 | D:6      | Reached XP level 8. HP: 66/74 MP: 8/8
  5687 | D:6      | HP: 2/74 [ogre (17)]
  5689 | D:6      | Demolished by an ogre

Illustrated notes

Levels and vault maps discovered:
D:1:      ncdulo_watergridlock, layout_rooms, minmay_ruptured
D:2:      kb_forest_paths, layout_basic, hellmonk_ecumenical_altar_arch_garden,
          grunt_ministairs_6
D:3:      layout_loops_ring
D:4:      layout_gridville, serial_shops, nicolae_shop_crystal,
          serial_bayou_pond_c, uniq_eustachio, uniq_crazy_yiuf_cottage
D:5:      layout_rooms, chequers_ossuary_entry_cave,
          ebering_ghost_disaster_area, grunt_ministairs_12, uniq_ijyb
D:6:      layout_basic

Skill      XL: |  1  2  3  4  5  6  7  8 |
---------------+-------------------------+-----
Shields        | 1 2 3 4 5 |  5.0
Fighting       | 4 5 6 7 8 |  8.0
Long Blades    | 4 7 8 |  8.0
Armour         | |  2.4
Dodging        | |  1.1
Invocations    | |  1.7

Action                   |  1- 3 |  4- 6 |  7- 9 || total
-------------------------+-------+-------+-------++-------
Melee: Falchion          |    83 |   234 |   127 ||   444
       Headbutt          |    10 |    65 |    32 ||   107
Invok: Depart the Abyss  |     1 |       |       ||     1
  Use: Scroll            |       |     8 |       ||     8
       Potion            |       |       |     1 ||     1
Armor: Leather armour    |    32 |    13 |       ||    45
       Scale mail        |       |    79 |    48 ||   127
Dodge: Dodged            |    47 |    73 |    25 ||   145
Block: Kite shield       |    33 |   101 |    48 ||   182
       Rpst.: Falchion   |    12 |    22 |     3 ||    37
